 Dungeon Crawl Stone Soup version 0.29-a0-721-g7f417c9bbb (webtiles) character file.

Game seed: 15856422406660012073

113 crusatyr the Shooter (level 4, -3/25 HPs)
             Began as a Deep Elf Hunter on June 28, 2022.
             Killed from afar by Natasha (15 damage)
             ... with a bolt of light
             ... on level 3 of the Dungeon.
             The game lasted 00:03:34 (2229 turns).

crusatyr the Shooter (Deep Elf Hunter)              Turns: 2229, Time: 00:03:34

Health: -3/25      AC:  4    Str:  8    XL:     4   Next: 65%
Magic:  6/6        EV: 13    Int: 14    God:
Gold:   41         SH:  0    Dex: 20    Spells: 3/3 levels left

rFire   . . .      SeeInvis .   j - +3 sling
rCold   . . .      Faith    .   (no shield)
rNeg    . . .      Spirit   .   l - +0 leather armour
rPois   .          Reflect  .   (no helmet)
rElec   .          Harm     .   (no cloak)
rCorr   .          Rampage  .   k - +0 pair of gloves
Will    .....                   (no boots)
Stlth   ++........              (no amulet)
HPRegen 0.08/turn               (no ring)
MPRegen 0.10/turn               (no ring)

@: no status effects
A: no striking features
a: no special abilities


You were on level 3 of the Dungeon.
You visited 1 branch of the dungeon, and saw 3 of its levels.

You collected 41 gold pieces.

Inventory:

Hand Weapons
 a - a +0 shortbow
 g - a +0 dagger
 j - a +3 sling (weapon)
 n - the +4 dagger "Morg" {pain, Will+ Int+5}
   (You found it on level 2 of the Dungeon)

   In the hands of one skilled in necromantic magic, it inflicts extra damage on
   living creatures.
   Int:       It affects your intelligence (+5).
   Will:      It increases your willpower.
Armour
 k - a +0 pair of gloves (worn)
 l - a +0 leather armour (worn)
 m - a +0 buckler
Scrolls
 b - a scroll of immolation
 i - a scroll of enchant armour {unknown}
 o - a scroll of enchant weapon {unknown}
 p - a scroll of fear {unknown}
Potions
 c - a potion of heal wounds
 d - a potion of brilliance {unknown}
 e - a potion of curing {unknown}
 f - a potion of magic {unknown}
 h - a potion of attraction {unknown}
 q - a potion of degeneration {unknown}


   Skills:
 - Level 1.5 Fighting
 * Level 6.8 Ranged Weapons
 + Level 3.6 Dodging
 + Level 3.0 Stealth


You had 3 spell levels left.
You didn't know any spells.
Your spell library was empty.

Dungeon Overview and Level Annotations

Branches:
Dungeon (3/15)

Altars:
The Shining One

Annotations:
D:2 Sigmund
D:3 Natasha


Message History

You shoot a sling bullet. The ball python hisses angrily.
The sling bullet hits the ball python.
You kill the ball python!
A goblin comes into view. It is wielding a +0 club.
Fire: j) +3 sling
Press: ? - help, Q - select action Shift-Dir - straight line, f - goblin
Aim: a goblin, wielding a +0 club (wandering, hasn't noticed you, 60% to hit)
You shoot a sling bullet. The sling bullet hits the goblin.
You kill the goblin!
Fire: j) +3 sling
Press: ? - help, Q - select action Shift-Dir - straight line, f - you Really target yourself?
Okay, then.
Things that are here:
a +0 club; a +0 sling; a goblin corpse Natasha, Servant of Life and Death comes into view.
She is carrying a wand of light (11).
Natasha moves out of view.
Fire: j) +3 sling
Press: ? - help, Q - select action Shift-Dir - straight line, f - Natasha
Aim: Natasha, carrying a wand of light (11) (wandering, hasn't noticed you, 60% to hit)
You shoot a sling bullet.
Natasha hisses angrily.
The sling bullet hits Natasha.
Natasha is moderately wounded.
Natasha zaps a wand.
The bolt of light hits you!
Ouch! That really hurt!
Fire: j) +3 sling
Press: ? - help, Q - select action Shift-Dir - straight line, f/p - Natasha
Aim: Natasha, carrying a wand of light (10) (moderately wounded, 60% to hit)
You shoot a sling bullet.
The sling bullet closely misses Natasha.
Fire: j) +3 sling
Press: ? - help, Q - select action Shift-Dir - straight line, f/p - Natasha
Aim: Natasha, carrying a wand of light (10) (moderately wounded, 60% to hit)
You shoot a sling bullet.
The sling bullet closely misses Natasha.
Natasha zaps a wand.
The bolt of light hits you!
Ouch! That really hurt!
You die...

#.# #.# #.# ## #.#
.# #####.######## .#
.............# .#
#####.#.####.## .#
#####.#.###...###.##
........(...#...@..#
........###...###..#
..###...# ##)## h.#
....## #.# ..#
####.# #.# ..# #.
#.# ..# #. #.# ..#
## #.. ..# ###


You could see Natasha.

Vanquished Creatures
  Jessica (D:2)
  Natasha (D:3)
  An adder (D:2)
  A worm (D:2)
  A dart slug (D:1)
  4 orcs
  5 ball pythons
  2 bats (D:2)
  5 endoplasms
  7 goblins
  4 hobgoblins
  3 jackals (D:2)
  2 frilled lizards
  A kobold (D:1)
  3 rats (D:1)
41 creatures vanquished.

Notes
Turn   | Place    | Note
-------+----------+-------------------------------------------
     0 | D:1      | crusatyr the Deep Elf Hunter began the quest for the Orb.
     0 | D:1      | Reached XP level 1. HP: 12/12 MP: 3/3
   386 | D:1      | Reached XP level 2. HP: 16/16 MP: 4/4
   700 | D:1      | Found a faded altar of an unknown god.
  1006 | D:2      | Reached skill level 6 in Ranged Weapons
  1006 | D:2      | Reached XP level 3. HP: 8/20 MP: 5/5
  1454 | D:2      | Noticed Jessica
  1455 | D:2      | Killed Jessica
  1578 | D:2      | Found the +4 dagger "Morg" {pain, Will+ Int+5}
  1730 | D:2      | Found a glowing golden altar of the Shining One.
  1741 | D:2      | Reached XP level 4. HP: 25/25 MP: 6/6
  1871 | D:2      | Noticed Sigmund
  2006 | D:3      | Noticed Natasha
  2016 | D:3      | Killed Natasha
  2225 | D:3      | Noticed Natasha
  2229 | D:3      | Killed from afar by Natasha

Illustrated notes

Levels and vault maps discovered:
D:1:      heliophobic_arrival_dark_side_of_the_moon, layout_loops_ring,
          shapermc_ecumenical_altar_notcrosses
D:2:      layout_basic, basic_altar, uniq_sigmund, uniq_jessica
D:3:      layout_loops_ring, uniq_natasha

Skill      XL: |  1  2  3  4 |
---------------+-------------+-----
Stealth        | 2 3 |  3.0
Ranged Weapons | 6 |  6.8
Dodging        | 3 |  3.6
Fighting       | |  1.5

Action                   |  1- 3 |  4- 6 || total
-------------------------+-------+-------++-------
 Fire: Shortbow          |    40 |       ||    40
       Sling             |    28 |    40 ||    68
Armor: Chain mail        |    24 |       ||    24
       Leather armour    |       |     7 ||     7
Dodge: Dodged            |     4 |     8 ||    12

Table legend: (Time is in decaauts)
 A = Elapsed time spent in this place.
 B = Non-inter-level travel time spent in this place.
 C = Inter-level travel time spent in this place.
 D = Time resting spent in this place.
 E = Time spent auto-exploring this place.
 F = Levels seen in this place.
 G = Mean time per level.
                   A        B        C        D        E       F      G
               +--------+--------+--------+--------+--------+-----+--------+
         Total |   2305 |   2195 |    110 |    516 |   1340 |   3 |  768.3 |
       Dungeon |   2305 |   2195 |    110 |    516 |   1340 |   3 |  768.3 |
               +--------+--------+--------+--------+--------+-----+--------+

Top non-repeatable levels by time:
     D:1: 1025 daAuts
     D:2: 942 daAuts
     D:3: 337 daAuts
